 Dungeon Crawl Stone Soup version 0.26.1-11-gd32895ea62 (webtiles) character file.

Game seed: 8513015010766593521

46 bigdumb the Insei (level 3, 0/29 HPs)
             Began as a Draconian Transmuter on June 17, 2021.
             Succumbed to an adder's poison
             ... on level 2 of the Dungeon.
             The game lasted 00:02:11 (1131 turns).

bigdumb the Insei (Draconian Transmuter)            Turns: 1131, Time: 00:02:11

Health: 0/29       AC:  5    Str: 10 (12) XL:     3   Next: 46%
Magic:  6/6        EV: 12    Int: 11 (13) God:
Gold:   87         SH:  0    Dex:  9 (12) Spells: 5/6 levels left

rFire    . . .     SeeInvis .     - Unarmed
rCold    . . .     Faith    .   (no shield)
rNeg     . . .     Spirit   .   (armour unavailable)
rPois    .         Reflect  .   (helmet currently unavailable)
rElec    .         Harm     .   i - scarf {+Inv}
rCorr    .         Rampage  .   (no gloves)
Will     .....                  (boots currently unavailable)
Stlth    +.........             (no amulet)
HPRegen  0.09/turn              (no ring)
MPRegen  0.10/turn              (no ring)

@: mighty, lethally poisoned (0 -> -6), appendages (expiring), hasted, very
quick
A: unfitting armour, horns 2, talons 2, cold-blooded, AC +5
a: End Transformation, Evoke Invisibility


You were on level 2 of the Dungeon.
You had grown temporary horns.
You had grown temporary talons.
You visited 1 branch of the dungeon, and saw 2 of its levels.

You collected 87 gold pieces.

Inventory:

Armour
 h - a +0 pair of boots
 i - a scarf of invisibility (worn)
Scrolls
 a - 2 scrolls of teleportation {unknown}
 b - a scroll of fear {unknown}
 e - 3 scrolls of identify {unknown}
 g - 2 scrolls of remove curse {unknown}


   Skills:
 + Level 1.7 Fighting
 + Level 2.0 Dodging
 + Level 3.7 Unarmed Combat
 + Level 2.1 Spellcasting
 + Level 2.5 Transmutations


You had 5 spell levels left.
You knew the following spells:

 Your Spells              Type           Power        Failure   Level
a - Beastly Appendage     Tmut           12%          11%         1

Your spell library contained the following spells:

 Spells                   Type           Power        Failure   Level
 Wereblood                Tmut           6%           16%         2
 Spider Form              Tmut/Pois      1%           45%         3
 Ice Form                 Ice/Tmut       3%           86%         4
 Blade Hands              Tmut           3%           96%         5


Dungeon Overview and Level Annotations

Branches:
Dungeon (2/15)

Altars:


Innate Abilities, Weirdness & Mutations

Your plain brown scales are hard. (AC +5)
You cannot fit into any form of body armour.
You are cold-blooded and may be slowed by cold attacks.
You have a pair of horns on your head.
You have razor-sharp toenails.


Message History

It was a potion of haste.
You feel yourself speed up.
* * * LOW HITPOINT WARNING * * *
You feel sick. The adder completely misses you.
It was a potion of degeneration.
There was something very wrong with that liquid.
You feel weakened.
You feel dopey.
You feel clumsy.
Your transformation is almost over.
The adder barely misses you.
It was a potion of might.
You feel very mighty all of a sudden.
* * * LOW HITPOINT WARNING * * *
You feel sick. The adder closely misses you.
You hit the adder.
You kill the adder!
* * * LOW HITPOINT WARNING * * *
You feel sick.
As you read the scroll labelled YSTEUGG QEAFOAD, it crumbles to dust.
It is a scroll of amnesia.
Okay, then.
You die...

#....#..# #.. #....#..#
#.. ##########...)#..#
#..
#........#....#..###..
###.....................
...........#....#..###.#
...........######..# #.#
...........##.###..###.#
.......@...##...........
...$....................
...##########.###.......
# #..(...........#
..................
###.###.####.#.... ..
#.# #.#.... .. #.#
#.+.... . #.# ....


There were no monsters in sight!

Vanquished Creatures
  3 adders (D:2)
  2 dart slugs (D:1)
  2 leopard geckos (D:1)
  A bat (D:1)
  A giant cockroach (D:1)
  A hobgoblin (D:1)
  2 jackals (D:1)
  A frilled lizard (D:1)
  A kobold (D:1)
  2 rats (D:1)
16 creatures vanquished.

Notes
Turn   | Place    | Note
-------+----------+-------------------------------------------
     0 | D:1      | bigdumb the Draconian Transmuter began the quest for the
                  | Orb.
     0 | D:1      | Reached XP level 1. HP: 16/16 MP: 3/3
   207 | D:1      | Reached XP level 2. HP: 23/23 MP: 5/5
   953 | D:2      | Reached XP level 3. HP: 23/28 MP: 4/6
  1128 | D:2      | HP: 1/29 [poisoned by an adder]
  1131 | D:2      | Succumbed to an adder's poison

Illustrated notes

Levels and vault maps discovered:
D:1:      dpeg_arrival_oval, layout_rooms, serial_rivers,
          chequers_serial_rivers_small_3, chequers_serial_rivers_micro_c,
          chequers_serial_rivers_micro_b, chequers_serial_rivers_large_b,
          palyth_stone_intersect, kennysheep_decorative_pillar
D:2:      layout_basic, kiku_gazebo_garden_becter

Skill      XL: |  1  2 |
---------------+-------+-----
Dodging        | 2 |  2.0
Fighting       | |  1.7
Unarmed Combat | |  3.7
Spellcasting   | |  2.1
Transmutations | |  2.5

Action                   || total
-------------------------++-------
Melee: Unarmed           ||    68
       Headbutt          ||     5
       Punch             ||     3
       Kick              ||     7
 Cast: Beastly Appendage ||     9
  Use: Potion            ||     3
       Scroll            ||     1
Armor: Skin              ||    20
Dodge: Dodged            ||    45
